 Dungeon Crawl Stone Soup version 0.29-a0-668-g12ee2bf84d (webtiles) character file.

Game seed: 13949090802936845113

16 blackman the Sneak (level 2, -1/24 HPs)
             Began as a Human Delver on June 23, 2022.
             Slain by a killer bee (5 damage)
             ... on level 5 of the Dungeon.
             The game lasted 00:04:02 (586 turns).

blackman the Sneak (Human Delver)                    Turns: 586, Time: 00:04:02

Health: -1/24      AC:  3    Str: 12    XL:     2   Next: 75%
Magic:  2/2        EV: 12    Int: 10    God:
Gold:   0          SH:  0    Dex: 14    Spells: 1/1 levels left

rFire   . . .      SeeInvis .   d - +2 spear (vorpal)
rCold   . . .      Faith    .   (no shield)
rNeg    . . .      Spirit   .   b - +0 leather armour
rPois   .          Reflect  .   (no helmet)
rElec   .          Harm     .   (no cloak)
rCorr   .          Rampage  .   (no gloves)
Will    .....                   (no boots)
Stlth   +++.......              (no amulet)
HPRegen 0.08/turn               (no ring)
MPRegen 0.08/turn               (no ring)

@: no status effects
A: no striking features
a: no special abilities


You were on level 5 of the Dungeon.
You visited 1 branch of the dungeon, and saw 3 of its levels.

Inventory:

Hand Weapons
 a - a +0 hand axe
 d - a +2 vorpal spear (weapon)
Armour
 b - a +0 leather armour (worn)
Scrolls
 c - a scroll of fog
 g - a scroll of blinking {unknown}
Potions
 f - a potion of haste


   Skills:
 - Level 3.0 Fighting
 + Level 3.1 Axes
 - Level 2.0 Dodging
 - Level 5.0 Stealth


You had one spell level left.
You didn't know any spells.
Your spell library was empty.

Dungeon Overview and Level Annotations

Branches:
Dungeon (6/15)
 Temple: D:4-7

Altars:
Kikubaaqudgha
Nemelex Xobeh


Message History

There is a stone staircase leading down here.
The killer bee misses you. The hobgoblin closely misses you.
The killer bee barely misses you.
You climb downwards.
There is a stone staircase leading up here.
Reach: d) +2 spear (vorpal)
Press: ? - help, Dir - move target, f - killer bee
Aim: a killer bee (about 62% to evade your +2 vorpal spear)
Okay, then.
Unknown command.
Unknown command.
Unknown command.
Reach: d) +2 spear (vorpal)
Press: ? - help, Dir - move target, f - killer bee
Aim: a killer bee (about 62% to evade your +2 vorpal spear)
The white imp shouts!
You hit the killer bee.
The killer bee is heavily wounded.
The killer bee misses you.
An orc priest comes into view. It is wielding a +0 hand axe.
Cornered, the iguana turns to fight!
The hobgoblin hits you.
The killer bee stings you but does no damage.
Reach: d) +2 spear (vorpal)
Press: ? - help, Dir - move target, f/p - killer bee
Aim: a killer bee (heavily wounded, about 62% to evade your +2 vorpal spear)
You closely miss the killer bee.
The killer bee is heavily wounded.
The orc priest shouts!
The killer bee stings you!
The killer bee stings you but does no damage.
The hobgoblin misses you.
Reach: d) +2 spear (vorpal)
Press: ? - help, Dir - move target, f/p - killer bee
Aim: a killer bee (heavily wounded, about 62% to evade your +2 vorpal spear)
You barely miss the killer bee.
The killer bee is heavily wounded.
The killer bee stings you!
* * * LOW HITPOINT WARNING * * *
The killer bee stings you.
You die...

*##....,,,,,
######.....?,,,,,
####...$.....#,,*,,,
#............#.,*,,,
#..............,*,,,
#.....>........,,,,,
###.!...........#,*,,,
#.............?.#,*,,,
##...@...........,**,*
#...gy........#.,**,*
##..l........$#*,,*,*
#..5!.#......#*,,*,*
#.....#...o#..,,,,,,
###..##.##o$***,,,,,
##..,,**..***,,,,,
*..,***,,,,,,,,,,
*,,,* *,,***,,,,,


You could see an iguana, a killer bee, an orc priest, an orc wizard (wandering),
a white imp and a hobgoblin.

Vanquished Creatures
  8 orcs (D:6)
8 creatures vanquished.

Notes
Turn   | Place    | Note
-------+----------+-------------------------------------------
     0 | D:5      | blackman the Human Delver began the quest for the Orb.
     0 | D:5      | Reached XP level 1. HP: 18/18 MP: 1/1
     7 | D:5      | Noticed a lemure
     7 | D:5      | Noticed a phantom
   103 | D:6      | Reached XP level 2. HP: 13/24 MP: 2/2
   531 | D:6      | Found an ancient bone altar of Kikubaaqudgha.
   557 | D:6      | Noticed a wight
   558 | D:6      | Found a sparkling altar of Nemelex Xobeh.
   577 | D:4      | Noticed a killer bee
   577 | D:4      | Noticed a killer bee
   580 | D:4      | Noticed a killer bee
   586 | D:5      | Slain by a killer bee

Illustrated notes

Levels and vault maps discovered:
D:4:      layout_cave_pools, uniq_edmund, uniq_crazy_yiuf_cottage
D:5:      layout_rooms, nicolae_gozag_cash_rules_everything_around_me,
          uniq_menkaure, uniq_pikel
D:6:      nicolae_cairo_tiling_very_big, layout_basic,
          nicolae_kikubaaqudgha_miasma_corner, old_standard_altar, serial_shops,
          shop, sigmund_army

Skill      XL: |  1  2 |
---------------+-------+-----
Axes           | 3 |  3.1
Fighting       | |  3.0
Dodging        | |  2.0
Stealth        | |  5.0

Action                   || total
-------------------------++-------
Melee: Spear             ||    26
Evoke: Wand              ||     3
  Use: Scroll            ||     3
Armor: Leather armour    ||     4
Dodge: Dodged            ||    10

Table legend: (Time is in decaauts)
 A = Elapsed time spent in this place.
 B = Non-inter-level travel time spent in this place.
 C = Inter-level travel time spent in this place.
 D = Time resting spent in this place.
 E = Time spent auto-exploring this place.
 F = Levels seen in this place.
 G = Mean time per level.
                   A        B        C        D        E       F      G
               +--------+--------+--------+--------+--------+-----+--------+
         Total |    586 |    586 |      0 |    366 |      5 |   3 |  195.3 |
       Dungeon |    586 |    586 |      0 |    366 |      5 |   3 |  195.3 |
               +--------+--------+--------+--------+--------+-----+--------+

Top non-repeatable levels by time:
     D:6: 550 daAuts
     D:5: 27 daAuts
     D:4: 8 daAuts
